PL
ATHLETIC CLUB KC @ BOSTON PATRIOTS
05/02/2026
 
TOP OF THE 1ST
Athletic Club KC batting - Pitching for Boston Patriots : RHP Tom Reynolds
Pitching: RHP Tom Reynolds
Batting: RHB Jorge Trevino 0-0: Ball
1-0: Ball
2-0: Fly out, F8 (Flyball, 8LS)
Batting: LHB Thatcher Douglas 0-0: Ground out 3-1 (Groundball, 34)
Batting: RHB David Edwards 0-0: Called Strike
0-1: Foul Ball, location: 2F
0-2: Ball
1-2: Ball
2-2: Fly out, F6 (Popup, 6D)
Top of the 1st over - 0 run(s), 0 hit(s), 0 error(s), 0 left on base; Athletic Club KC 0 - Boston 0
BOTTOM OF THE 1ST
Boston Patriots batting - Pitching for Athletic Club KC : RHP Juan Gusmán
Pitching: RHP Juan Gusmán
Batting: RHB Tommy Jones 0-0: Ball
1-0: Bunted foul
1-1: Ground out 6-3 (Groundball, 6)
Batting: RHB Tamasaburo Kato 0-0: Called Strike
0-1: Ball
1-1: SINGLE (Line Drive, 78M)
Batting: RHB Brent Ryan 0-0: Ball
1-0: Grounds into double play, 5-4-3 (Groundball, 56)
Bottom of the 1st over - 0 run(s), 1 hit(s), 0 error(s), 0 left on base; Athletic Club KC 0 - Boston 0
TOP OF THE 2ND
Athletic Club KC batting - Pitching for Boston Patriots : RHP Tom Reynolds
Batting: SHB Pedro Vázquez 0-0: Ball
1-0: Called Strike
1-1: Foul Ball, location: 2F
1-2: Fly out, F8 (Flyball, 8RM)
Batting: RHB Ramón Souza 0-0: Ball
1-0: Ball
2-0: Ball
3-0: Called Strike
3-1: Foul Ball, location: 2F
3-2: Strikes out looking
Batting: RHB Todd Blake 0-0: Ball
1-0: Foul Ball, location: 2F
1-1: Swinging Strike
1-2: Strikes out swinging
Top of the 2nd over - 0 run(s), 0 hit(s), 0 error(s), 0 left on base; Athletic Club KC 0 - Boston 0
BOTTOM OF THE 2ND
Boston Patriots batting - Pitching for Athletic Club KC : RHP Juan Gusmán
Batting: RHB Terry Armstrong 0-0: Ground out 6-3 (Groundball, 6)
Batting: LHB Ki-tak Im 0-0: Called Strike
0-1: Swinging Strike
0-2: Ball
1-2: Foul Ball, location: 2F
1-2: Strikes out swinging
Batting: LHB Timmy Appeldoorn 0-0: Called Strike
0-1: Foul Ball, location: 2F
0-2: Ball
1-2: Ball
2-2: Foul Ball, location: 2F
2-2: Strikes out swinging
Bottom of the 2nd over - 0 run(s), 0 hit(s), 0 error(s), 0 left on base; Athletic Club KC 0 - Boston 0
TOP OF THE 3RD
Athletic Club KC batting - Pitching for Boston Patriots : RHP Tom Reynolds
Batting: SHB David Henderson 0-0: Called Strike
0-1: Ball
1-1: Ball
2-1: Ball
3-1: Foul Ball, location: 2F
3-2: Ground out 4-3 (Groundball, 4)
Batting: RHB Dao-zi Dai 0-0: SINGLE (Flyball, 8LS)
Batting: RHB Harry Fuller 0-0: Ball
1-0: Fly out, F7 (Line Drive, 7)
Batting: RHB Jorge Trevino 0-0: Called Strike
0-1: Ball
1-1: Fly out, F7 (Flyball, 7S)
Top of the 3rd over - 0 run(s), 1 hit(s), 0 error(s), 1 left on base; Athletic Club KC 0 - Boston 0
BOTTOM OF THE 3RD
Boston Patriots batting - Pitching for Athletic Club KC : RHP Juan Gusmán
Batting: LHB Bill Chambers 0-0: Ball
1-0: Ball
2-0: Called Strike
2-1: Ball
3-1: SINGLE (Groundball, 4S) (infield hit)
Batting: RHB Karl Schultz 0-0: Ball
1-0: Grounds into double play, 6-4-3 (Groundball, 6)
Batting: LHB Jorge Pérez 0-0: Ball
1-0: Called Strike
1-1: Ball
2-1: Fly out, F3 (Popup, 3)
Bottom of the 3rd over - 0 run(s), 1 hit(s), 0 error(s), 0 left on base; Athletic Club KC 0 - Boston 0
TOP OF THE 4TH
Athletic Club KC batting - Pitching for Boston Patriots : RHP Tom Reynolds
Batting: LHB Thatcher Douglas 0-0: Swinging Strike
0-1: Foul Ball, location: 2F
0-2: Foul Ball, location: 2F
0-2: Ball
1-2: Strikes out swinging passed ball, reaches first!
Batting: RHB David Edwards 0-0: Called Strike
0-1: Ball
1-1: Ball
2-1: Ball
3-1: Fly out, F8 (Flyball, 8LS)
Batting: SHB Pedro Vázquez 0-0: Ball
1-0: Foul Ball, location: 2F
1-1: Ball
2-1: Swinging Strike
2-2: Foul Ball, location: 2F
2-2: Ground out U3 (Groundball, 3S)
Thatcher Douglas to second
Batting: RHB Ramón Souza 0-0: Swinging Strike
0-1: Swinging Strike
0-2: Ball
1-2: Foul Ball, location: 2F
1-2: Strikes out looking
Top of the 4th over - 0 run(s), 0 hit(s), 0 error(s), 1 left on base; Athletic Club KC 0 - Boston 0
BOTTOM OF THE 4TH
Boston Patriots batting - Pitching for Athletic Club KC : RHP Juan Gusmán
Batting: RHB Tommy Jones 0-0: Ball
1-0: Ball
2-0: Called Strike
2-1: Foul Ball, location: 2F
2-2: Foul Ball, location: 2F
2-2: Strikes out swinging
Batting: RHB Tamasaburo Kato 0-0: Called Strike
0-1: Ball
1-1: Ball
2-1: Ground out 6-3 (Groundball, 6)
Batting: RHB Brent Ryan 0-0: Ball
1-0: Ball
2-0: Ground out 6-3 (Groundball, 6)
Bottom of the 4th over - 0 run(s), 0 hit(s), 0 error(s), 0 left on base; Athletic Club KC 0 - Boston 0
TOP OF THE 5TH
Athletic Club KC batting - Pitching for Boston Patriots : RHP Tom Reynolds
Batting: RHB Todd Blake 0-0: Called Strike
0-1: Foul Ball, location: 2F
0-2: Fly out, F7 (Flyball, 7)
Batting: SHB David Henderson 0-0: Ball
1-0: Foul Ball, location: 2F
1-1: Ground out U3 (Groundball, 34S)
Batting: RHB Dao-zi Dai 0-0: Called Strike
0-1: Foul Ball, location: 2F
0-2: Ground out 6-3 (Groundball, 6)
Top of the 5th over - 0 run(s), 0 hit(s), 0 error(s), 0 left on base; Athletic Club KC 0 - Boston 0
BOTTOM OF THE 5TH
Boston Patriots batting - Pitching for Athletic Club KC : RHP Juan Gusmán
Batting: RHB Terry Armstrong 0-0: Called Strike
0-1: Ball
1-1: Foul Ball, location: 2F
1-2: Foul Ball, location: 2F
1-2: Fly out, F7 (Flyball, 7)
Batting: LHB Ki-tak Im 0-0: Foul Ball, location: 2F
0-1: Ball
1-1: Foul Ball, location: 2F
1-2: Ball
2-2: Foul Ball, location: 2F
2-2: Ball
3-2: Foul Ball, location: 2F
3-2: Ground out U3 (Groundball, 3)
Batting: LHB Timmy Appeldoorn 0-0: Called Strike
0-1: Foul Ball, location: 2F
0-2: Ball
1-2: Foul Ball, location: 2F
1-2: SINGLE (Groundball, 4MD)
Batting: LHB Bill Chambers 0-0: Called Strike
0-1: SINGLE (Line Drive, 78S)
Timmy Appeldoorn to second
Batting: RHB Karl Schultz 0-0: Ball
1-0: DOUBLE (Line Drive, 7LM)
Timmy Appeldoorn scores
Bill Chambers to third
Runner from 3rd tries for Home, SAFE, no throw
Batting: LHB Jorge Pérez 0-0: Fly out, F7 (Flyball, 78S)
Bottom of the 5th over - 2 run(s), 3 hit(s), 0 error(s), 1 left on base; Athletic Club KC 0 - Boston 2
TOP OF THE 6TH
Athletic Club KC batting - Pitching for Boston Patriots : RHP Tom Reynolds
Batting: RHB Harry Fuller 0-0: Ball
1-0: Ground out 6-3 (Groundball, 6)
Batting: RHB Jorge Trevino 0-0: Foul Ball, location: 2F
0-1: Ball
1-1: Ball
2-1: Fly out, F8 (Flyball, 8LS)
Batting: LHB Thatcher Douglas 0-0: Ball
1-0: Ball
2-0: Called Strike
2-1: Ball
3-1: Foul Ball, location: 2F
3-2: Strikes out swinging
Top of the 6th over - 0 run(s), 0 hit(s), 0 error(s), 0 left on base; Athletic Club KC 0 - Boston 2
BOTTOM OF THE 6TH
Boston Patriots batting - Pitching for Athletic Club KC : RHP Juan Gusmán
Batting: RHB Tommy Jones 0-0: SINGLE (Flyball, 8RS)
Batting: RHB Tamasaburo Kato 0-0: Called Strike
0-1: Ball
1-1: Swinging Strike
1-2: SINGLE (Flyball, 78S)
Tommy Jones to second
Batting: RHB Brent Ryan 0-0: Called Strike
0-1: Ball
1-1: Fielders Choice at 2nd, 5-4 (Groundball, 56)
Tommy Jones to third
Batting: RHB Terry Armstrong 0-0: Ball
1-0: Ball
2-0: Foul Ball, location: 2F
2-1: SINGLE (Groundball, 6) (infield hit)
Tommy Jones scores
Brent Ryan to second
Batting: LHB Ki-tak Im 0-0: Foul Ball, location: 2F
0-1: Foul Ball, location: 2F
0-2: Foul Ball, location: 2F
0-2: Foul Ball, location: 2F
0-2: Fly out, F7 (Flyball, 7S)
Batting: LHB Timmy Appeldoorn 0-0: Called Strike
0-1: Called Strike
0-2: Foul Ball, location: 2F
0-2: Strikes out swinging
Bottom of the 6th over - 1 run(s), 3 hit(s), 0 error(s), 2 left on base; Athletic Club KC 0 - Boston 3
TOP OF THE 7TH
Athletic Club KC batting - Pitching for Boston Patriots : RHP Tom Reynolds
Batting: RHB David Edwards 0-0: Ball
1-0: SOLO HOME RUN (Flyball, 78XD), Distance : 438 ft
Batting: SHB Pedro Vázquez 0-0: Ball
1-0: SINGLE (Flyball, 78S)
Batting: RHB Ramón Souza 0-0: Called Strike
0-1: Ball
1-1: Ball
2-1: Ball
3-1: Ground out 5-3 (Groundball, 5S)
Pedro Vázquez to second
Batting: RHB Todd Blake 0-0: DOUBLE (Line Drive, 7LD)
Pedro Vázquez scores
Batting: SHB David Henderson 0-0: SINGLE (Flyball, 8RS)
Todd Blake to third
Batting: RHB Dao-zi Dai 0-0: Ball
1-0: Ball
2-0: Called Strike
2-1: Fly out, F7 (Flyball, 7S)
Pinch Hitting: SHB Eric Moore 0-0: Called Strike
0-1: Ball
1-1: Ball
2-1: Foul Ball, location: 2F
2-2: Foul Ball, location: 2F
2-2: Foul Ball, location: 2F
2-2: SINGLE (Groundball, 6MS) (infield hit)
Todd Blake scores
David Henderson to second
Batting: RHB Jorge Trevino 0-0: Fly out, F7 (Flyball, 7LMF)
Top of the 7th over - 3 run(s), 5 hit(s), 0 error(s), 2 left on base; Athletic Club KC 3 - Boston 3
BOTTOM OF THE 7TH
Boston Patriots batting - Pitching for Athletic Club KC : RHP Juan Gusmán
Now at SS: Michael Walker
Batting: LHB Bill Chambers 0-0: Ball
1-0: Ball
2-0: Ball
3-0: Foul Ball, location: 2F
3-1: SINGLE (Flyball, 8RS)
Batting: RHB Karl Schultz 0-0: Called Strike
0-1: Foul Ball, location: 2F
0-2: Ball
1-2: Ball
2-2: SINGLE (Line Drive, 56D)
Bill Chambers to second
Pitching: RHP Ole Kos
Batting: LHB Jorge Pérez 0-0: Ball
1-0: Foul Ball, location: 2F
1-1: Ball
2-1: Foul Ball, location: 2F
2-2: SINGLE (Groundball, 34D)
Bill Chambers to third
Karl Schultz to second
Runner from 3rd tries for Home, SAFE, throw made home
Batting: RHB Tommy Jones 0-0: Ball
1-0: Ball
2-0: Foul Ball, location: 2F
2-1: Ball
3-1: Base on Balls
Karl Schultz to third
Jorge Pérez to second
Batting: RHB Tamasaburo Kato 0-0: Fly out, F8 (Flyball, 8RD)
Runner from 3rd tags up, SCORES, no throw
Batting: RHB Brent Ryan 0-0: Fly out, F8 (Flyball, 8LM)
Batting: RHB Terry Armstrong 0-0: Called Strike
0-1: Ball
1-1: Ball
2-1: Called Strike
2-2: Strikes out swinging
Bottom of the 7th over - 2 run(s), 3 hit(s), 0 error(s), 2 left on base; Athletic Club KC 3 - Boston 5
TOP OF THE 8TH
Athletic Club KC batting - Pitching for Boston Patriots : RHP Tom Reynolds
Batting: LHB Thatcher Douglas 0-0: Ball
1-0: Swinging Strike
1-1: Called Strike
1-2: Ground out 4-3 (Groundball, 4)
Batting: RHB David Edwards 0-0: Called Strike
0-1: Ball
1-1: Ground out 5-3 (Groundball, 56)
Batting: SHB Pedro Vázquez 0-0: Ball
1-0: Foul Ball, location: 2F
1-1: Ball
2-1: Foul Ball, location: 2F
2-2: Ground out 6-3 (Groundball, 6)
Top of the 8th over - 0 run(s), 0 hit(s), 0 error(s), 0 left on base; Athletic Club KC 3 - Boston 5
BOTTOM OF THE 8TH
Boston Patriots batting - Pitching for Athletic Club KC : RHP Ole Kos
Batting: LHB Ki-tak Im 0-0: Ball
1-0: Ball
2-0: Ball
3-0: Base on Balls
Batting: LHB Timmy Appeldoorn 0-0: Ball
1-0: Ball
2-0: Called Strike
2-1: Ball
3-1: SINGLE (Groundball, 3D)
Ki-tak Im to second
Runner from 2nd tries for 3rd, SAFE, throw made to third
Batting: LHB Bill Chambers 0-0: Fly out, F6 (Popup, 15)
Batting: RHB Karl Schultz 0-0: Ball
1-0: Foul Ball, location: 2F
1-1: Ball
2-1: Ball
3-1: Called Strike
3-2: Base on Balls
Timmy Appeldoorn to second
Batting: LHB Jorge Pérez 0-0: Called Strike
0-1: Fly out, F4 (Popup, 34D)
Batting: RHB Tommy Jones 0-0: Foul Ball, location: 2F
0-1: Ball
1-1: Fly out, F8 (Flyball, 8RM)
Bottom of the 8th over - 0 run(s), 1 hit(s), 0 error(s), 3 left on base; Athletic Club KC 3 - Boston 5
TOP OF THE 9TH
Athletic Club KC batting - Pitching for Boston Patriots : RHP Tom Reynolds
Batting: RHB Ramón Souza 0-0: Ball
1-0: Ball
2-0: Fly out, F7 (Flyball, 7LD)
Batting: RHB Todd Blake 0-0: Called Strike
0-1: Swinging Strike
0-2: Foul Ball, location: 2F
0-2: Ball
1-2: Ball
2-2: Foul Ball, location: 2F
2-2: Foul Ball, location: 2F
2-2: Foul Ball, location: 2F
2-2: Strikes out swinging
Pitching: RHP Robinson Gonzáles
Batting: SHB David Henderson 0-0: Ball
1-0: Ball
2-0: DOUBLE (Line Drive, 89D)
Batting: RHB Dao-zi Dai 0-0: Ball
1-0: Ball
2-0: Ball
3-0: Base on Balls
Batting: RHB Michael Walker 0-0: Ball
1-0: Fly out, F7 (Flyball, 7LSF)
Top of the 9th over - 0 run(s), 1 hit(s), 0 error(s), 2 left on base; Athletic Club KC 3 - Boston 5
Monday, March 20th, 2017 - OOTP Baseball 17.12 Build 75